 Dungeon Crawl Stone Soup version 0.31.0-9-g3a7656b989 (webtiles) character file.

Game seed: 10837453875213378524

46 qw the Shooter (level 3, -4/20 HPs)
             Began as a Deep Elf Hunter on Feb 2, 2024.
             Slain by a goblin
             ... wielding a +0 club
             ... led by Robin
              (5 damage)
             ... on level 2 of the Dungeon.
             The game lasted 00:00:03 (1088 turns).

qw the Shooter (Deep Elf Hunter)                    Turns: 1088, Time: 00:00:03

Health: -4/20      AC:  5    Str: 10    XL:     3   Next: 46%
Magic:  5/5        EV: 11    Int: 13    God:
Gold:   1          SH:  0    Dex: 18    Spells: 2/2 levels left

rFire   . . .        a - +0 shortbow
rCold   . . .        (shield currently unavailable)
rNeg    . . .        g - +0 ring mail
rPois   .            (no helmet)
rElec   .            (no cloak)
rCorr   .            (no gloves)
SInv    .            (no boots)
Will    .....        (no amulet)
Stlth   +            (no ring)
HPRegen 0.23/turn    (no ring)
MPRegen 0.09/turn

%: no passive effects
@: about to teleport
A: no striking features
a: no special abilities


You were on level 2 of the Dungeon.
You visited 1 branch of the dungeon, and saw 2 of its levels.

You collected 21 gold pieces.
You spent 20 gold pieces at shops.


   Skills:
 - Level 1.5 Fighting
 + Level 7.0 Ranged Weapons
 - Level 2.4 Dodging
 - Level 1.2 Stealth


You had 2 spell levels left.
You didn't know any spells.
Your spell library was empty.

Inventory:

Hand Weapons
 a - a +0 shortbow (weapon)
Armour
 g - a +0 ring mail (worn)
Scrolls
 b - a scroll of identify
Potions
 c - a potion of brilliance {unknown}
 f - a potion of cancellation

Dungeon Overview and Level Annotations

Branches:
Dungeon (2/15)

Altars:

Shops:
D:2 *

Annotations:
D:2 Robin


Message History

The arrow hits the goblin.
The goblin is moderately wounded.
The goblin hits you but does no damage. The goblin hits you with a +0 club.
You shoot an arrow. The arrow closely misses the goblin.
The goblin closely misses you. The goblin hits you but does no damage.
The goblin closely misses you. The goblin hits you but does no damage.
The hobgoblin hits you but does no damage.
You shoot an arrow. The arrow barely misses the goblin.
The goblin barely misses you.
A goblin comes into view. It is wielding a +0 club.
The goblin hits you with a +0 club. The hobgoblin closely misses you.
You shoot an arrow. The arrow hits the goblin.
You kill the goblin!
Robin of the Strong Arm comes into view.
They are wielding a +0 dagger.
The hobgoblin barely misses you. The goblin barely misses you.
You shoot an arrow.
The arrow hits Robin but does no damage.
Robin throws the goblin at you! The hobgoblin hits you.
The goblin hits you with a +0 club. The goblin hits you but does no damage.
You shoot an arrow.
The arrow hits Robin but does no damage.
You hear a shout! x2
Robin roars a battlecry!
The goblins go into a battle-frenzy!
The hobgoblin hits you but does no damage.
The goblin closely misses you. The goblin misses you.
Robin hits you with a +0 dagger. The goblin hits you with a +0 club.
The hobgoblin misses you. The goblin barely misses you.
1087 ||| READING scroll of teleportation.
As you read the scroll of teleportation, it crumbles to dust.
You feel strangely unstable. Robin closely misses you.
The hobgoblin closely misses you. The goblin barely misses you.
The goblin hits you but does no damage.
You shoot an arrow. The arrow hits Robin.
Robin is moderately wounded.
You hear a shout!
The hobgoblin closely misses you. The goblin hits you with a +0 club.
A hobgoblin comes into view.
The goblin hits you with a +0 club.
You die...

######### #.......##
#........# #........#
####........#
.....ggg....#
....ggggg...# .. #@# ...
#g########## ...
#.#........# #.###+#
#.#........# # ...#.#
#.#........# #. #...#
#..........# ##.####..###
#..........# ...........#
#..%.......#
..........#)###...\......#


You could see Robin, 2 hobgoblins and 6 goblins.

Vanquished Creatures
  3 dart slugs (D:1)
  6 bats (D:1)
  An endoplasm (D:1)
  A hobgoblin (D:1)
  5 jackals (D:1)
  3 kobolds (D:1)
  4 quokkas (D:1)
  3 ball pythons (D:1)
  5 frilled lizards
  5 goblins
  A rat (D:1)
37 creatures vanquished.

Notes
Turn   | Place    | Note
-------+----------+-------------------------------------------
     0 | D:1      | qw the Deep Elf Hunter began the quest for the Orb.
     0 | D:1      | Reached XP level 1. HP: 12/12 MP: 3/3
     0 | D:1      | 0 ||| qw: Version: 0.3-a-155-g5e7d8dd
     0 | D:1      | 0 ||| qw: Game counter: 2263
     0 | D:1      | 0 ||| qw: Melee chars always use a shield: true
     0 | D:1      | 0 ||| qw: God list: Okawaru
     0 | D:1      | 0 ||| qw: Allow faded altars: false
     0 | D:1      | 0 ||| qw: Do Orc after clearing Dungeon:15 true
     0 | D:1      | 0 ||| qw: Do second Lair branch before Depths: true
     0 | D:1      | 0 ||| qw: Lair rune preference: random
     0 | D:1      | 0 ||| qw: Goals: Normal
     0 | D:1      | 0 ||| PLANNING D:1-11
   126 | D:1      | Reached XP level 2. HP: 13/16 MP: 4/4
   127 | D:1      | Reached skill level 6 in Ranged Weapons
   427 | D:1      | Reached XP level 3. HP: 20/20 MP: 5/5
   810 | D:1      | 810 ||| UPGRADING to +0 ring mail.
   820 | D:1      | 820 ||| DROPPING +0 leather armour.
   821 | D:1      | 821 ||| READING scroll labelled XULOS XYOQAJUN.
   922 | D:1      | 922 ||| READING 3 scrolls labelled NEN BUWKUHUJEL.
   922 | D:1      | 922 ||| IDENTIFYING viscous ruby potion
   923 | D:1      | 923 ||| READING 2 scrolls of identify.
   923 | D:1      | 923 ||| IDENTIFYING scroll labelled GUOH GATIN
   924 | D:1      | 924 ||| READING scroll of identify.
   924 | D:1      | 924 ||| IDENTIFYING scroll labelled XAWNOM COBEXU
   925 | D:1      | 925 ||| DROPPING scroll of butterflies.
   926 | D:1      | 926 ||| DROPPING scroll of fear.
  1037 | D:2      | Reached skill level 7 in Ranged Weapons
  1045 | D:2      | Found Neubb's Assorted Antiques.
  1070 | D:2      | 1070 ||| SHOPLISTING scroll labelled LUBAWKE JOBB (23 gold,
                  | have 21).
  1070 | D:2      | 1070 ||| SHOPLISTING scroll labelled YKATAXKOIKK (23 gold,
                  | have 21).
  1070 | D:2      | 1070 ||| SHOPLISTING scroll labelled ZOCZAG XUE (23 gold,
                  | have 21).
  1070 | D:2      | 1070 ||| SHOPLISTING scroll of identify (46 gold, have 21).
  1070 | D:2      | 1070 ||| BUYING sedimented black potion (20 gold).
  1070 | D:2      | Bought a sedimented black potion for 20 gold pieces
  1084 | D:2      | Noticed Robin
  1086 | D:2      | HP: 5/20 [Robin/+0 dagger (2)]
  1086 | D:2      | HP: 2/20 [goblin/+0 club[Robin] (3)]
  1087 | D:2      | 1087 ||| READING scroll of teleportation.
  1088 | D:2      | Slain by a goblin

Levels and vault maps discovered:
D:1:      erik_arrival_triangle_large, layout_basic
D:2:      layout_basic, serial_shops, shop, uniq_robin, uniq_terence

Skill      XL: |  1  2  3 |
---------------+----------+-----
Ranged Weapons | 6 7 |  7.0
Fighting       | |  1.5
Dodging        | |  2.4
Stealth        | |  1.2

Action                     || total
---------------------------++-------
   Fire: Shortbow          ||    94
    Use: Scroll            ||     5
 Armour: Leather armour    ||    18
         Ring mail         ||    20
  Dodge: Dodged            ||    39

Table legend:
 A = Non-vault XP
 B = Vault XP
 C = Vault XP percentage of total XP
 D = Non-vault monster count
 E = Vault monster count
 F = Vault count percentage of total count
                 A         B        C        D         E       F
            +---------+---------+-------+---------+---------+-------
      Total |      65 |       2 |   3.0 |      36 |       1 |   2.7
            +---------+---------+-------+---------+---------+-------
        D:1 |      62 |       0 |   0.0 |      34 |       0 |   0.0
        D:2 |       3 |       2 |  40.0 |       2 |       1 |  33.3
            +---------+---------+-------+---------+---------+-------
